[Event "Titled Tuesday Blitz May 24 Early 2022"]
[White "Mikhalsky, Vladimir"]
[Black "Jeet, Jain"]
[WhiteFideId "14144352"]
[BlackFideId "5073022"]
[WhiteElo "2301"]
[BlackElo "2028"]
[Result "0-1"]
[Round "09"]
[TimeControl "180+1"]
[Date "2022.05.25"]
[WhiteClock "0:00:03"]
[BlackClock "0:00:39"]

1. d4 c5 2. d5 e5 3. e4 d6 4. Nc3 Be7 5. Qd2 Nf6 6. Bb5+ Nbd7 7. a4 O-O 8. Nf3 Kh8 9. O-O g6 10. a5 Ng8 11. a6 f5 12. axb7 Bxb7 13. Ng5 Bxg5 14. Qxg5 Qxg5 15. Bxg5 Nb6 16. f4 h6 17. Bh4 exf4 18. exf5 Rxf5 19. g4 Rf7 20. Ne4 Nc8 21. Be8 Rf8 22. Bxg6 Bxd5 23. Rad1 Bxe4 24. Bxe4 Rb8 25. b3 Rb4 26. Bf5 Nge7 27. Bd7 Ng6 28. Be1 Rd4 29. Bc3 Nb6 30. Bf5 Ne5 31. Bxd4 cxd4 32. Rxd4 Rf6 33. Rfxf4 Kg7 34. c4 a5 35. Kg2 a4 36. bxa4 Nxa4 37. Rf2 Nc5 38. Rfd2 Nb3 39. Rxd6 Nxd2 40. Rxd2 Nxc4 41. Rd7+ Kf8 42. Rc7 Nd6 43. Bd7 Rf7 44. Ra7 Kg7 45. h4 Ne4 46. g5 h5 47. g6 Re7 48. Ra4 Nc3 49. Rc4 Nd5 50. Bb5 Ne3+ 51. Kg3 Nxc4 52. Bxc4 Kxg6 53. Bd3+ Kf6 54. Kf3 Re5 55. Kg3 Re3+ 56. Kf4 Rxd3 0-1


[Site "https://www.chess.com"]

[Event "Titled Tuesday Blitz May 24 Early 2022"]
[White "Miszler, Levente"]
[Black "Ronka, Erik"]
[WhiteFideId "763276"]
[BlackFideId "505080"]
[WhiteElo "1966"]
[BlackElo "2264"]
[Result "0-1"]
[Round "09"]
[TimeControl "180+1"]
[Date "2022.05.25"]
[WhiteClock "0:01:53"]
[BlackClock "0:02:23"]

1. Nf3 d5 2. d4 e6 3. g3 b5 4. Bg2 Nf6 5. O-O Be7 6. Nbd2 O-O 7. Re1 Bb7 8. c3 Nbd7 9. Qc2 c5 10. dxc5 Nxc5 11. Nd4 a6 12. N2f3 Rc8 13. Ne5 Nce4 14. Bg5 Nxg5 0-1


[Site "https://www.chess.com"]

[Event "Titled Tuesday Blitz May 24 Early 2022"]
[White "Muhammed, Shuaau"]
[Black "Oliveira, Jonathan De"]
[WhiteFideId "16700406"]
[BlackFideId "2180820"]
[WhiteElo "1674"]
[BlackElo "2075"]
[Result "1-0"]
[Round "09"]
[TimeControl "180+1"]
[Date "2022.05.25"]
[WhiteClock "0:01:44"]
[BlackClock "0:00:38"]

1. e4 e6 2. d4 d5 3. Nd2 Nf6 4. e5 Nfd7 5. Ne2 c5 6. c3 b5 7. Nf3 b4 8. cxb4 cxd4 9. a3 Nc6 10. Bf4 Qb6 11. Nexd4 Bb7 12. Nxc6 Bxc6 13. Nd4 Be7 14. Nxc6 Qxc6 15. Rc1 Qb6 16. Be3 Qb7 17. f4 a5 18. b5 O-O 19. Bd3 d4 20. Bxd4 Qxg2 21. Rf1 Rfd8 22. Qe2 Bh4+ 23. Bf2 Bxf2+ 24. Rxf2 Qd5 25. Qe4 Qxe4+ 26. Bxe4 Rac8 27. Rxc8 Rxc8 28. Rc2 Rxc2 29. Bxc2 Kf8 30. Kd2 Ke7 31. Kc3 g5 32. fxg5 Nxe5 33. b4 axb4+ 34. Kxb4 Kd6 35. a4 Kc7 36. a5 Nf3 37. b6+ Kb8 38. a6 Nd4 39. Be4 1-0


[Site "https://www.chess.com"]

[Event "Titled Tuesday Blitz May 24 Early 2022"]
[White "Namitbir Singh Walia"]
[Black "Avramidou, Anastasia"]
[WhiteFideId "35071068"]
[BlackFideId "4239873"]
[WhiteElo "1565"]
[BlackElo "2183"]
[Result "0-1"]
[Round "09"]
[TimeControl "180+1"]
[Date "2022.05.25"]
[WhiteClock "0:00:03"]
[BlackClock "0:00:10"]

1. d4 c5 2. dxc5 Nf6 3. Nf3 g6 4. g3 Bg7 5. Bg2 O-O 6. O-O Na6 7. Be3 Qc7 8. Nc3 Nxc5 9. Bd4 Re8 10. Nd5 Nxd5 11. Bxg7 Ne3 12. fxe3 Kxg7 13. Qd4+ f6 14. Rad1 Ne6 15. Qd2 Rb8 16. c3 b6 17. e4 Bb7 18. e5 Rbd8 19. exf6+ exf6 20. Nd4 Bxg2 21. Kxg2 Nxd4 22. cxd4 Re6 23. d5 Re5 24. Rf4 Rde8 25. Rf2 Qd6 26. Qf4 f5 27. Qd4 Qf6 28. Rd2 d6 29. Qd3 R8e7 30. Qa3 Re4 31. Qf3 Qe5 32. Qd3 Re3 33. Qc4 Qe4+ 34. Qxe4 R3xe4 35. Kf1 Kf6 36. Rf3 Rc4 37. Ra3 Rec7 38. Kf2 R4c5 39. Rad3 Re7 40. Kf3 Rec7 41. e4 fxe4+ 42. Kxe4 Rc4+ 43. Kf3 Rc1 44. Re2 Rf1+ 45. Kg2 Rfc1 46. Rf3+ Kg7 47. Rfe3 Kf7 48. Rf2+ Kg7 49. Re6 Rd7 50. Rfe2 Rcc7 51. h4 Kf7 52. Rf2+ Kg7 53. Rfe2 Kf7 54. Kh3 Rc5 55. Rf2+ Kg7 56. Rd2 a5 57. Re3 b5 58. Rb3 b4 59. Rbd3 Rc4 60. Re2 Kf7 61. Rf3+ Kg7 62. Rfe3 Rd4 63. Re7+ Rxe7 64. Rxe7+ Kf6 65. Rxh7 Rxd5 66. Ra7 Rb5 67. Ra6 Ke5 68. Kg4 Kd5 69. Kg5 Kc4+ 70. Kxg6 d5 71. Rd6 d4 72. Rd8 d3 73. h5 Rd5 74. Rxd5 Kxd5 75. h6 d2 76. h7 d1=Q 77. h8=Q Qg4+ 78. Kf7 Qf3+ 79. Qf6 Qxg3 80. Qf5+ Qe5 81. Qd7+ Kc4 82. b3+ Kc5 83. Qa7+ Kb5 84. Qb7+ Kc5 85. Qa7+ Kd6 86. Qb6+ Kd7 87. Qb7+ Qc7 88. Qd5+ Qd6 89. Qxa5 Qe6+ 90. Kg7 Qe5+ 91. Kg6 Qxa5 0-1


[Site "https://www.chess.com"]

[Event "Titled Tuesday Blitz May 24 Early 2022"]
[White "Navalgund, Niranjan"]
[Black "Taboas Rodriguez, Daniel"]
[WhiteFideId "5030854"]
[BlackFideId "2208466"]
[WhiteElo "2290"]
[BlackElo "2429"]
[Result "0-1"]
[Round "09"]
[TimeControl "180+1"]
[Date "2022.05.25"]
[WhiteClock "0:00:44"]
[BlackClock "0:00:32"]

1. e4 e6 2. d4 d5 3. Bd2 dxe4 4. Bc3 Nf6 5. Nd2 Nc6 6. Nb3 Nd5 7. Bc4 e3 8. Qe2 exf2+ 9. Qxf2 Qg5 10. Bd2 Qf6 11. Nf3 h6 12. O-O-O Bd6 13. Nc5 Bf4 14. Ne4 Bxd2+ 15. Qxd2 Qg6 16. Ng3 O-O 17. Rdf1 Bd7 18. c3 Rae8 19. Qf2 Nf4 20. Nh4 Nd3+ 21. Bxd3 Qxd3 22. Rd1 Qb5 23. Kb1 Na5 24. Ne4 Bc6 25. Rhe1 Nc4 26. Nc5 b6 27. a4 Qxb2+ 28. Qxb2 Nxb2 29. Kxb2 bxc5 30. dxc5 Bxa4 31. Ra1 Rb8+ 32. Kc1 Bb5 33. Rxa7 Ra8 34. Rxa8 Rxa8 35. Kb2 Bc4 36. Re4 Bd5 37. Rg4 Ra2+ 38. Kb1 Rf2 39. c4 Bc6 40. Kc1 g5 41. Nf3 Bxf3 42. gxf3 Rxf3 43. Rd4 Kg7 44. Rd7 Rc3+ 45. Kd2 Rxc4 46. Rxc7 h5 47. Kd3 Rc1 48. Kd2 Rh1 49. c6 Rxh2+ 50. Kd3 Rh1 51. Kd2 Ra1 52. Rb7 Ra6 53. c7 Rc6 54. Ke3 Kf6 55. Ke4 h4 56. Kf3 Kf5 57. Rb5+ e5 58. Rb7 g4+ 59. Kg2 Kf4 60. c8=Q Rxc8 61. Rxf7+ Kg5 62. Rg7+ Kf5 63. Rf7+ Kg6 64. Re7 Rc2+ 65. Kf1 Kf5 66. Rf7+ Kg5 67. Rg7+ Kf4 68. Rh7 h3 69. Rf7+ Kg3 0-1


[Site "https://www.chess.com"]

[Event "Titled Tuesday Blitz May 24 Early 2022"]
[White "Odegov, Artem"]
[Black "Agasarov, Benik"]
[WhiteFideId "34183644"]
[BlackFideId "13314823"]
[WhiteElo "2286"]
[BlackElo "2590"]
[Result "0-1"]
[Round "09"]
[TimeControl "180+1"]
[Date "2022.05.25"]
[WhiteClock "0:00:02"]
[BlackClock "0:00:31"]

1. d4 Nf6 2. c4 e6 3. Nf3 d5 4. Nc3 Bb4 5. Bg5 h6 6. Bxf6 Qxf6 7. Qa4+ Nc6 8. e3 O-O 9. cxd5 exd5 10. Be2 Be6 11. O-O a6 12. Rac1 Bd6 13. Qc2 Rfd8 14. a3 Ne7 15. Na4 c6 16. Nc5 Bf5 17. Qc3 Rab8 18. b4 h5 19. Ne5 Bxe5 20. dxe5 Qg6 21. Bf3 h4 22. Kh1 h3 23. gxh3 Bxh3 24. Rg1 Qf5 25. Rg3 Ng6 26. Rcg1 Nxe5 27. e4 d4 28. exf5 dxc3 29. Rxh3 c2 0-1


[Site "https://www.chess.com"]

[Event "Titled Tuesday Blitz May 24 Early 2022"]
[White "Oparin, Grigoriy"]
[Black "Samadov, Read"]
[WhiteFideId "24125890"]
[BlackFideId "13417444"]
[WhiteElo "2665"]
[BlackElo "2084"]
[Result "1-0"]
[Round "09"]
[TimeControl "180+1"]
[Date "2022.05.24"]
[WhiteClock "0:00:07"]
[BlackClock "0:00:05"]

1. d4 Nf6 2. c4 e6 3. Nf3 d5 4. Nc3 Bb4 5. Bd2 O-O 6. e3 b6 7. cxd5 exd5 8. Qc2 Bb7 9. a3 Be7 10. Bd3 c5 11. g4 h6 12. O-O-O Nc6 13. Rhg1 cxd4 14. exd4 Rc8 15. g5 hxg5 16. Bxg5 Ne4 17. Bxe4 dxe4 18. Qxe4 Re8 19. Qh4 Na5 20. Ne5 Rxc3+ 21. bxc3 Bxa3+ 22. Kd2 Nb3+ 23. Ke1 Qc8 24. Bd2 Nxd2 25. Kxd2 Bb2 26. Qg3 g6 27. Rb1 Rxe5 28. dxe5 Ba3 29. Qd3 Bc5 30. Rbe1 Qe6 31. Rg5 Kg7 32. c4 Bxf2 33. Rf1 Bh4 34. Rgg1 Qxe5 35. Qc3 Bf6 36. Qxe5 Bxe5 37. h4 Bd4 38. Rg4 Bc5 39. h5 Bc8 40. Rg5 Be6 41. hxg6 fxg6 42. Kc3 Bf7 43. Re5 Bg8 44. Re8 Bf7 45. Ra8 Be6 46. Rxa7+ Kh6 47. Rc7 Bf5 48. Rc6 Kg5 49. Rd1 Kf4 50. Rd5 g5 51. Rf6 1-0


[Site "https://www.chess.com"]

[Event "Titled Tuesday Blitz May 24 Early 2022"]
[White "Ovezdurdyyeva, Jemal"]
[Black "Vovk, Orest"]
[WhiteFideId "14001888"]
[BlackFideId "14113490"]
[WhiteElo "1946"]
[BlackElo "2203"]
[Result "0-1"]
[Round "09"]
[TimeControl "180+1"]
[Date "2022.05.25"]
[WhiteClock "0:00:06"]
[BlackClock "0:00:18"]

1. e4 g5 2. d4 g4 3. d5 d6 4. Be2 Nf6 5. Nc3 Bg7 6. Be3 c6 7. Qd2 Qa5 8. O-O-O b5 9. dxc6 b4 10. Nd5 Nxc6 11. Nxf6+ Bxf6 12. Qd5 Qxd5 13. exd5 Ne5 14. Bd4 Bf5 15. Bb5+ Kf8 16. Ne2 Rc8 17. c3 Bg5+ 18. Be3 Bxe3+ 19. fxe3 Be4 20. Rd4 Bxg2 21. Rg1 Bf3 22. Rxb4 Bxd5 23. Nf4 Bf3 24. Ba6 Rd8 25. Nh5 f6 26. Rb7 Bxb7 27. Bxb7 Kf7 28. Rf1 d5 29. e4 dxe4 30. Bxe4 Rhg8 31. Bc2 Nd3+ 32. Kb1 Rg5 33. Bb3+ Kg6 34. Nf4+ Nxf4 35. Rxf4 h5 36. Bc2+ Kg7 37. Ra4 a5 38. b4 axb4 39. cxb4 h4 40. Ra7 Kf8 41. Ra3 g3 42. hxg3 hxg3 0-1


[Site "https://www.chess.com"]

[Event "Titled Tuesday Blitz May 24 Early 2022"]
[White "Perez Gormaz, Matias"]
[Black "Borawski, Jakub"]
[WhiteFideId "3406342"]
[BlackFideId "1143000"]
[WhiteElo "2341"]
[BlackElo "2020"]
[Result "0-1"]
[Round "09"]
[TimeControl "180+1"]
[Date "2022.05.25"]
[WhiteClock "0:00:02"]
[BlackClock "0:00:16"]

1. e4 e5 2. Nf3 Nc6 3. Bb5 a6 4. Ba4 Nf6 5. d3 d6 6. c3 g6 7. O-O Bg7 8. h3 b5 9. Bb3 O-O 10. Re1 Na5 11. Bc2 c5 12. Be3 Bb7 13. Nbd2 Qc7 14. d4 exd4 15. cxd4 Rfe8 16. d5 Nd7 17. Rb1 Nc4 18. Nxc4 bxc4 19. Nd2 c3 20. bxc3 Bxc3 21. Rb3 Bg7 22. Nc4 a5 23. Bf4 Ne5 24. Na3 Ba6 25. Nb5 Qd7 26. a4 Rab8 27. Bd2 Nc4 28. Bc1 Rec8 29. Bd3 Ne5 30. Bf1 c4 31. Rb1 Bxb5 32. axb5 Rxb5 33. Ba3 Rxb1 34. Qxb1 c3 35. Rc1 Nc4 36. Bxc4 Rxc4 37. Qb8+ Rc8 38. Qb3 Qe7 39. Qb6 Qxe4 40. Bxd6 c2 0-1


[Site "https://www.chess.com"]

[Event "Titled Tuesday Blitz May 24 Early 2022"]
[White "Pesotskiy, Mikhail"]
[Black "Nugumanov, Bakhtiyar"]
[WhiteFideId "34164453"]
[BlackFideId "13701797"]
[WhiteElo "2010"]
[BlackElo "2262"]
[Result "1-0"]
[Round "09"]
[TimeControl "180+1"]
[Date "2022.05.25"]
[WhiteClock "0:01:46"]
[BlackClock "0:00:02"]

1. d4 d5 2. c4 e6 3. Nc3 Nf6 4. cxd5 exd5 5. Bg5 c6 6. Qc2 Bd6 7. e3 O-O 8. Bd3 h6 9. Bh4 a5 10. Nf3 Na6 11. a3 Nc7 12. O-O Re8 13. Rab1 Bg4 14. b4 Bxf3 15. gxf3 Ne6 16. Kh1 g5 17. Bg3 h5 18. Rg1 Kf8 19. Bf5 axb4 20. axb4 Bxg3 21. Rxg3 h4 22. Rg2 Nh5 23. Rbg1 Qf6 24. Bxe6 Rxe6 25. Qd1 Ra3 26. Rxg5 Ng3+ 27. hxg3 Qxg5 28. Ne2 hxg3 29. Nxg3 Qh4+ 30. Kg2 Ke7 31. Rh1 Qg5 32. Qc1 Ra2 33. Qc5+ Kd7 34. Rh7 Qg6 35. Rh8 Rxe3 36. Qf8 1-0


[Site "https://www.chess.com"]

[Event "Titled Tuesday Blitz May 24 Early 2022"]
[White "Petrova, Irina"]
[Black "De Arruda, Leandro Formes"]
[WhiteFideId "14124122"]
[BlackFideId "22722009"]
[WhiteElo "1993"]
[BlackElo "1852"]
[Result "0-1"]
[Round "09"]
[TimeControl "180+1"]
[Date "2022.05.25"]
[WhiteClock "0:01:24"]
[BlackClock "0:01:20"]

1. e4 e6 2. d4 d5 3. Nc3 dxe4 4. Nxe4 Nd7 5. Nf3 Ngf6 6. Bg5 Be7 7. Bxf6 Nxf6 8. Bd3 O-O 9. Nxf6+ Bxf6 10. c3 b6 11. Qc2 h6 12. Be4 Rb8 13. h4 c5 14. Ng5 Bxg5 15. hxg5 Qxg5 16. dxc5 bxc5 17. Rh3 Bb7 18. Rg3 Qe5 19. O-O-O Qxe4 20. Qd2 Qh4 21. Qe3 Rbd8 22. Rxd8 Rxd8 23. b3 Qh1+ 24. Kb2 Qd1 25. Ka3 Qd2 26. Qe5 g6 27. Qxc5 Qd6 28. Kb4 a5+ 0-1


[Site "https://www.chess.com"]

[Event "Titled Tuesday Blitz May 24 Early 2022"]
[White "Petrovskyi, Vadym"]
[Black "Nguyen, Quoc Hy"]
[WhiteFideId "14165210"]
[BlackFideId "12410853"]
[WhiteElo "2400"]
[BlackElo "1938"]
[Result "1-0"]
[Round "09"]
[TimeControl "180+1"]
[Date "2022.05.24"]
[WhiteClock "0:00:47"]
[BlackClock "0:00:10"]

1. e4 c5 2. Nf3 d6 3. d4 cxd4 4. Nxd4 Nf6 5. Nc3 a6 6. Be2 e5 7. Nb3 Be7 8. Be3 b5 9. a4 bxa4 10. Rxa4 O-O 11. O-O Bb7 12. Na5 Qd7 13. Nxb7 Qxb7 14. b3 Rc8 15. Nd5 Nxd5 16. exd5 Nd7 17. c4 Nc5 18. Ra3 a5 19. Bd2 Bd8 20. Qc2 g6 21. f4 exf4 22. Bxf4 Qb4 23. Qb2 Nd7 24. Bd2 Qc5+ 25. Kh1 Ne5 26. Bc3 Bc7 27. Raa1 Re8 28. Rae1 Bb6 29. Qd2 Qe3 30. Qc2 Re7 31. Bd1 Qg5 32. Bd2 Qh4 33. Re4 Qf2 34. Rxf2 Bxf2 35. Bg5 Rc7 36. Qxf2 1-0


[Site "https://www.chess.com"]

[Event "Titled Tuesday Blitz May 24 Early 2022"]
[White "Pham, Le Thao Nguyen"]
[Black "Olafsson, Helgi"]
[WhiteFideId "12401226"]
[BlackFideId "2300010"]
[WhiteElo "2271"]
[BlackElo "2463"]
[Result "0-1"]
[Round "09"]
[TimeControl "180+1"]
[Date "2022.05.25"]
[WhiteClock "0:00:10"]
[BlackClock "0:00:46"]

1. d4 Nf6 2. Nf3 e6 3. Bg5 b6 4. e3 Bb7 5. Nbd2 h6 6. Bh4 Be7 7. Bd3 c5 8. c3 Nc6 9. Qe2 O-O 10. O-O d5 11. Rad1 Rc8 12. Rfe1 cxd4 13. exd4 Nh5 14. Bg3 Nxg3 15. hxg3 Bd6 16. Bb1 g6 17. g4 Kg7 18. g3 Rc7 19. Kg2 Re8 20. Qe3 e5 21. Rh1 h5 22. gxh5 exd4 23. Qd3 Re4 24. hxg6 fxg6 25. Nxe4 dxe4 26. Qxe4 Ne5 27. Rxd4 Bxe4 28. Bxe4 Nxf3 29. Bxf3 Qf6 30. Rdh4 Rf7 31. Rh8 Qxf3+ 0-1


[Site "https://www.chess.com"]

[Event "Titled Tuesday Blitz May 24 Early 2022"]
[White "Piesik, Piotr"]
[Black "Schut, Han"]
[WhiteFideId "1136194"]
[BlackFideId "1005561"]
[WhiteElo "2190"]
[BlackElo "2057"]
[Result "1-0"]
[Round "09"]
[TimeControl "180+1"]
[Date "2022.05.25"]
[WhiteClock "0:00:58"]
[BlackClock "0:00:05"]

1. Nf3 Nf6 2. g3 g6 3. Bg2 Bg7 4. O-O O-O 5. d4 d5 6. c4 dxc4 7. Na3 Be6 8. Ng5 Bd5 9. e4 h6 10. exd5 hxg5 11. Bxg5 Nxd5 12. Nxc4 Nc6 13. Be3 Qd7 14. Qf3 Rad8 15. Rad1 e6 16. h4 Nb6 17. Ne5 Nxe5 18. dxe5 Qb5 19. b3 c6 20. h5 gxh5 21. Qxh5 Qxe5 22. Qh4 Nd5 23. Bxa7 Nc3 24. Rxd8 Rxd8 25. Qxd8+ Kh7 26. Qd3+ f5 27. Be3 Nxa2 28. Bf3 Nb4 29. Qd2 Nd5 30. Bxd5 cxd5 31. Rd1 Qe4 32. Qe2 d4 33. Qh5+ Kg8 34. Rc1 Kf8 35. Bg5 1-0


[Site "https://www.chess.com"]

[Event "Titled Tuesday Blitz May 24 Early 2022"]
[White "Politov, Pavel Y."]
[Black "Vittorino, Carlo Giovanni"]
[WhiteFideId "24110515"]
[BlackFideId "4401247"]
[WhiteElo "2090"]
[BlackElo "2233"]
[Result "0-1"]
[Round "09"]
[TimeControl "180+1"]
[Date "2022.05.25"]
[WhiteClock "0:00:04"]
[BlackClock "0:00:37"]

1. e4 e5 2. Nf3 Nc6 3. Bc4 Nf6 4. d3 Bc5 5. O-O d6 6. c3 a6 7. Bb3 Ba7 8. Nbd2 O-O 9. h3 h6 10. Re1 Nh5 11. Nf1 Qf6 12. d4 exd4 13. cxd4 Nxd4 14. Nxd4 Bxd4 15. Be3 Bxe3 16. Nxe3 Nf4 17. Nd5 Nxd5 18. Bxd5 c6 19. Bb3 Qe5 20. Qd2 Be6 21. f4 Qc5+ 22. Kh2 Bxb3 23. axb3 Rad8 24. Rad1 Rfe8 25. e5 Re6 26. b4 Qc4 27. f5 Ree8 28. exd6 Rxe1 29. Rxe1 Qd5 30. Qxd5 cxd5 31. Re7 Rxd6 32. Rxb7 d4 33. Rc7 d3 34. Rc1 Rd4 35. Rd1 Rxb4 36. Rxd3 Rxb2 37. Ra3 Rb6 38. g4 Kf8 39. Kg3 Ke7 40. Kf4 Kd6 41. h4 Kc5 42. g5 hxg5+ 43. hxg5 Kb4 44. Ra1 a5 45. Ke5 a4 46. f6 gxf6+ 47. gxf6 a3 48. Kd5 Rxf6 49. Rb1+ Ka4 50. Kc4 a2 51. Ra1 Ka3 52. Rh1 Rf3 53. Rc1 Rb3 54. Rd1 Rb1 55. Rd3+ Kb2 56. Rb3+ Kc2 57. Rc3+ Kd2 58. Rd3+ Ke2 0-1


[Site "https://www.chess.com"]

[Event "Titled Tuesday Blitz May 24 Early 2022"]
[White "Polster, Christian"]
[Black "Nilsen, Tobias Lang"]
[WhiteFideId "12965081"]
[BlackFideId "1521624"]
[WhiteElo "2309"]
[BlackElo "2014"]
[Result "1-0"]
[Round "09"]
[TimeControl "180+1"]
[Date "2022.05.25"]
[WhiteClock "0:00:11"]
[BlackClock "0:01:16"]

1. e4 Nf6 2. e5 Nd5 3. d4 d6 4. c4 Nb6 5. exd6 exd6 6. Nf3 Be7 7. h3 Bf5 8. Bd3 Bxd3 9. Qxd3 O-O 10. O-O Nc6 11. b3 Bf6 12. Nc3 d5 13. c5 Nc8 14. Bf4 N8e7 15. Rfe1 g6 16. g4 Qd7 17. Kg2 Rae8 18. Bh6 Bg7 19. Bxg7 Kxg7 20. Re2 Ng8 21. Rae1 Rxe2 22. Qxe2 Nf6 23. Qd3 Re8 24. Rxe8 Qxe8 25. g5 Nh5 26. Qe3 Qd7 27. Ne5 Qf5 28. Nxd5 Qe6 29. Nxc7 Qf5 30. Ne8+ Kf8 31. Nd6 Nf4+ 32. Kf3 Qxg5 33. Qxf4 Qh5+ 34. Ke3 f5 35. Nxc6 bxc6 36. Qf3 Qg5+ 37. Ke2 Qc1 38. Qe3 Qc2+ 39. Kf3 Qd1+ 40. Kg2 Kg7 41. Qe7+ Kh6 42. Nf7+ Kg7 43. Ng5+ Kh6 44. h4 Kh5 45. Qxh7+ Kg4 46. Qxg6 Kf4 47. Ne6+ Ke4 48. Qg3 a5 49. Qe3+ Kd5 50. Qe5# 1-0


[Site "https://www.chess.com"]

[Event "Titled Tuesday Blitz May 24 Early 2022"]
[White "Pourkashiyan, Atousa"]
[Black "Perez Leiva, Jerzy Jesus"]
[WhiteFideId "12502014"]
[BlackFideId "3524337"]
[WhiteElo "2247"]
[BlackElo "2287"]
[Result "1-0"]
[Round "09"]
[TimeControl "180+1"]
[Date "2022.05.25"]
[WhiteClock "0:00:16"]
[BlackClock "0:00:02"]

1. e4 e5 2. Nf3 Nc6 3. Bb5 a6 4. Ba4 Nf6 5. O-O Be7 6. Re1 b5 7. Bb3 d6 8. c3 Na5 9. Bc2 c5 10. h3 Qc7 11. d3 Nc6 12. Nbd2 O-O 13. Nf1 d5 14. Ng3 d4 15. Bg5 Ne8 16. Bd2 Nd6 17. Bb3 c4 18. Bc2 Be6 19. cxd4 exd4 20. Rc1 Rfd8 21. Nh5 Qa7 22. Nf4 Rac8 23. Nxe6 fxe6 24. e5 Nf5 25. dxc4 d3 26. Bb3 Bc5 27. Rf1 b4 28. Ng5 Ncd4 29. Qh5 g6 30. Qg4 Ne2+ 31. Kh1 Nxc1 32. Rxc1 Bxf2 33. Nxe6 Re8 34. c5 Kh8 35. c6 Ng3+ 36. Kh2 Ne2 37. Rf1 Bg3+ 38. Kh1 Rxc6 39. Qg5 1-0


[Site "https://www.chess.com"]

[Event "Titled Tuesday Blitz May 24 Early 2022"]
[White "Preotu, Razvan"]
[Black "Zemlyanskii, Ivan"]
[WhiteFideId "2613280"]
[BlackFideId "24249971"]
[WhiteElo "2407"]
[BlackElo "1815"]
[Result "1-0"]
[Round "09"]
[TimeControl "180+1"]
[Date "2022.05.25"]
[WhiteClock "0:00:19"]
[BlackClock "0:00:17"]

1. e4 c5 2. Nf3 e6 3. c3 d5 4. exd5 exd5 5. d4 Nf6 6. Bb5+ Nc6 7. O-O Bd6 8. dxc5 Bxc5 9. Bg5 Be6 10. Nbd2 O-O 11. Nb3 Bb6 12. Nbd4 Rc8 13. Re1 h6 14. Bh4 g5 15. Nxg5 hxg5 16. Bxg5 Nxd4 17. cxd4 Kg7 18. Re3 Bc7 19. Qf3 Rh8 20. h4 Bd6 21. Rae1 Be7 22. Rxe6 fxe6 23. Rxe6 Rf8 24. Qf5 a6 25. Bd3 Qe8 26. Bh6+ Kxh6 27. Qg5# 1-0


[Site "https://www.chess.com"]

[Event "Titled Tuesday Blitz May 24 Early 2022"]
[White "Proudian, Armen"]
[Black "Hambleton, Aman"]
[WhiteFideId "2130734"]
[BlackFideId "2606577"]
[WhiteElo "2380"]
[BlackElo "2552"]
[Result "1-0"]
[Round "09"]
[TimeControl "180+1"]
[Date "2022.05.25"]
[WhiteClock "0:01:12"]
[BlackClock "0:00:08"]

1. e4 b6 2. d4 Bb7 3. Nc3 e6 4. a3 g6 5. f4 d6 6. Nf3 a6 7. h4 h5 8. Ng5 Nh6 9. Bd3 Nd7 10. Qe2 Bg7 11. f5 e5 12. fxg6 Qe7 13. gxf7+ Nxf7 14. d5 Nc5 15. O-O Nxd3 16. Rxf7 Nxc1 17. Rxe7+ Kxe7 18. Rxc1 Raf8 19. Rf1 Bc8 20. Rxf8 Rxf8 21. Qxh5 Bd7 22. Qh7 Kf6 23. Ne6 Bxe6 24. dxe6 Rh8 25. Qf5+ Ke7 26. Qf7+ Kd8 27. e7+ Kc8 28. e8=Q+ Rxe8 29. Qxe8+ Kb7 30. Qg6 Bh6 31. Qxh6 Kc6 32. Qe3 b5 33. h5 a5 34. h6 b4 35. axb4 axb4 36. Nd5 Kb5 37. h7 c5 38. h8=Q c4 39. Qb8+ Ka4 40. Qba7+ Kb5 41. Qeb6# 1-0


[Site "https://www.chess.com"]

[Event "Titled Tuesday Blitz May 24 Early 2022"]
[White "Provaznik, Michal"]
[Black "Ciuffoletti, Paolo"]
[WhiteFideId "315273"]
[BlackFideId "807630"]
[WhiteElo "2176"]
[BlackElo "2143"]
[Result "0-1"]
[Round "09"]
[TimeControl "180+1"]
[Date "2022.05.25"]
[WhiteClock "0:00:18"]
[BlackClock "0:00:15"]

1. b3 g6 2. Bb2 Nf6 3. g4 h6 4. Nf3 Bg7 5. g5 hxg5 6. Nxg5 d6 7. e3 e5 8. Bc4 d5 9. Be2 Nc6 10. Na3 Bf5 11. d3 Bh6 12. Nf3 Qe7 13. Qd2 O-O-O 14. O-O-O d4 15. Kb1 Nd5 16. Nc4 b5 17. Na5 Nb8 18. Nxd4 exd4 19. Bxd4 Rhe8 20. Bxa7 Qa3 21. Bxb8 Bg7 22. c4 Nc3+ 23. Qxc3 Bxc3 24. Rd2 Bxd2 25. Nc6 Bc3 26. Na7+ Kxb8 27. Nxb5 Qb2# 0-1


[Site "https://www.chess.com"]

[Event "Titled Tuesday Blitz May 24 Early 2022"]
[White "Quirke, Jeffrey"]
[Black "Steenbekkers, Franck"]
[WhiteFideId "2013029"]
[BlackFideId "1004220"]
[WhiteElo "2235"]
[BlackElo "2028"]
[Result "1/2-1/2"]
[Round "09"]
[TimeControl "180+1"]
[Date "2022.05.25"]
[WhiteClock "0:01:45"]
[BlackClock "0:02:15"]

1. e4 e6 2. d4 d5 3. Nc3 Bb4 4. exd5 exd5 5. Bd3 Ne7 6. Nf3 Nbc6 7. h3 Bf5 8. O-O Qd7 9. Ne2 O-O 10. c3 Bd6 11. Bf4 Bxd3 12. Qxd3 Ng6 13. Bxd6 Qxd6 14. Rfe1 Rae8 15. Ng3 Nf4 16. Qd2 Qf6 17. Nh2 h5 1/2-1/2


[Site "https://www.chess.com"]

[Event "Titled Tuesday Blitz May 24 Early 2022"]
[White "Reprintsev, Alexander"]
[Black "Pham, Tran Gia Phuc"]
[WhiteFideId "14100541"]
[BlackFideId "12415669"]
[WhiteElo "2108"]
[BlackElo "1789"]
[Result "1-0"]
[Round "09"]
[TimeControl "180+1"]
[Date "2022.05.25"]
[WhiteClock "0:00:58"]
[BlackClock "0:00:22"]

1. e4 c5 2. b3 Nf6 3. e5 Nd5 4. Bb2 Nc6 5. Nf3 e6 6. g3 Be7 7. c4 Nc7 8. Bg2 O-O 9. d4 cxd4 10. Nxd4 Nxe5 11. Nxe6 Nxe6 12. Bxe5 Bf6 13. Bc3 Bxc3+ 14. Nxc3 Qa5 15. Qd2 Qe5+ 16. Qe3 d6 17. O-O-O Nc5 18. Qxe5 dxe5 19. Rhe1 f6 20. b4 Ne6 21. Bd5 Kh8 22. Nb5 a6 23. Nd6 Nd4 24. Kb2 Rb8 25. f4 Bg4 26. Rd2 Bf3 27. Rxd4 exd4 28. Bxf3 b6 29. Kc2 Rbd8 30. Re6 g5 31. f5 b5 32. c5 Rd7 33. Kd3 1-0


[Site "https://www.chess.com"]

[Event "Titled Tuesday Blitz May 24 Early 2022"]
[White "Richter, Nils"]
[Black "Horak, Martin"]
[WhiteFideId "12990809"]
[BlackFideId "367095"]
[WhiteElo "2243"]
[BlackElo "1997"]
[Result "1-0"]
[Round "09"]
[TimeControl "180+1"]
[Date "2022.05.25"]
[WhiteClock "0:00:52"]
[BlackClock "0:00:15"]

1. b3 Nf6 2. Bb2 d5 3. Nf3 c5 4. e3 e6 5. c4 dxc4 6. Bxc4 Be7 7. O-O O-O 8. Be2 Nc6 9. d3 b6 10. Nbd2 Bb7 11. a3 Rc8 12. Qc2 Qc7 13. Rfd1 Rfd8 14. Nf1 Qb8 15. Ng3 Qa8 16. Rac1 Rd7 17. Bf1 Rcd8 18. h3 Rc8 19. Qb1 Rcd8 20. Bc3 Ba6 21. b4 cxb4 22. axb4 Bb5 23. Nd4 Nxd4 24. Bxd4 Qb7 25. Qb2 Ne8 26. Ne4 h6 27. Ra1 f5 28. Nc3 Bc6 29. b5 Bd5 30. Nxd5 Rxd5 31. g3 Qd7 32. Rab1 Bf6 33. Bxf6 Nxf6 34. d4 Rc8 35. Rdc1 Kh7 36. Rxc8 Qxc8 37. Rc1 Qd8 38. Rc6 Rd6 39. Qc2 Nd5 40. Rc8 Qd7 41. Qc4 Nf6 42. Rc7 Qd8 43. Rxa7 Rd7 44. Rxd7 Qxd7 45. Qc6 Qxc6 46. bxc6 Nd5 47. f3 Nc7 48. Kf2 Kg6 49. e4 Kf6 50. Ke3 Ke7 51. e5 Nd5+ 52. Kd2 Kd8 53. Bb5 Kc7 54. Kd3 Ne7 55. Bc4 Nxc6 56. Bxe6 Ne7 57. d5 Kd8 58. d6 Nc6 59. f4 g6 60. Bf7 g5 61. Bg6 gxf4 62. gxf4 b5 63. Bxf5 h5 64. h4 b4 65. Be4 Na5 66. e6 b3 67. e7+ Kd7 68. Bf5+ Ke8 69. Bg6+ Kd7 70. e8=Q+ Kxd6 71. Qd8+ Kc5 72. Qxa5+ Kc6 73. Qc3+ Kb7 74. Qxb3+ Ka7 75. f5 Ka6 76. f6 Ka7 77. f7 Ka6 78. f8=Q Ka5 79. Qfa3# 1-0


[Site "https://www.chess.com"]